 Dungeon Crawl Stone Soup version 0.26.1-2-gb8aa6d0cf2 (webtiles) character file.

Game seed: 8001619405159610407

3012 Groucho the Covert (level 9, -8/39 HPs)
             Began as a Spriggan Enchanter on Feb 15, 2021.
             Was a Believer of Sif Muna.
             Killed from afar by a steam dragon (21 damage)
             ... with a ball of steam
             ... on level 9 of the Dungeon.
             The game lasted 00:33:41 (15671 turns).

Groucho the Covert (Spriggan Enchanter)            Turns: 15671, Time: 00:33:42

Health: -8/39      AC:  2    Str: 13    XL:     9   Next: 55%
Magic:  16/21      EV: 23    Int: 22    God:    Sif Muna [**....]
Gold:   366        SH:  0    Dex: 17    Spells: 8/22 levels left

rFire    . . .     SeeInvis +   a - +1 dagger
rCold    . . .     Faith    .   (shield restricted)
rNeg     . . .     Spirit   .   b - +0 robe
rPois    .         Reflect  .   (helmet restricted)
rElec    .         Harm     .   (no cloak)
rCorr    .         Rampage  .   (gloves unavailable)
Will     +....                  (boots unavailable)
Stlth    +++++.....             (no amulet)
HPRegen  0.13/turn              A - +6 ring of strength
MPRegen  0.17/turn              f - +6 ring of intelligence

@: about to teleport, very quick
A: very small, unfitting armour, see invisible, speed 3
a: Renounce Religion, Channel Magic


You were on level 9 of the Dungeon.
You worshipped Sif Muna.
Sif Muna was pleased with you.
You visited 2 branches of the dungeon, and saw 10 of its levels.

You collected 521 gold pieces.
You spent 155 gold pieces at shops.

Inventory:

Hand Weapons
 a - a +1 dagger (weapon)
 L - a +1 dagger of freezing
Missiles
 h - 153 stones
 j - 19 poisoned darts
 p - 2 boomerangs
 s - 9 curare-tipped darts (quivered)
Armour
 b - a +0 robe (worn)
Jewellery
 d - an uncursed ring of protection from cold
 f - a +6 ring of intelligence (right hand)
 n - a +4 ring of evasion {unknown}
 q - an uncursed amulet of faith
 t - an uncursed ring of stealth {unknown}
 w - an uncursed ring of magical power {unknown}
 y - an uncursed ring of protection from cold
 z - a +6 ring of strength
 A - a +6 ring of strength (left hand)
 B - an uncursed ring of see invisible {unknown}
 C - a cursed ring of attention {unknown}
Wands
 x - a wand of random effects (5)
 E - a wand of digging (3)
 H - a wand of disintegration (18)
 K - a wand of paralysis (8)
Scrolls
 c - 3 scrolls of enchant weapon {unknown}
 i - 6 scrolls of remove curse
 k - 3 scrolls of identify
 l - 3 scrolls of teleportation
 o - a scroll of random uselessness {unknown}
 u - a scroll of fog
 v - 2 scrolls of fear
 F - a scroll of magic mapping {unknown}
 I - a scroll of vulnerability {unknown}
Potions
 e - a potion of might {unknown}
 g - 2 potions of lignification {unknown}
 m - a potion of invisibility
 r - a potion of brilliance {unknown}
 D - 2 potions of berserk rage
 G - a potion of flight
 J - a potion of heal wounds


   Skills:
 + Level 5.4 Short Blades
 + Level 4.8 Throwing
 + Level 7.7 Dodging
 + Level 10.4 Stealth
 + Level 7.3 Spellcasting
 + Level 7.8 Hexes


You had 8 spell levels left.
You knew the following spells:

 Your Spells              Type           Power        Failure   Level
a - Corona                Hex            46%          1%          1
b - Ensorcelled Hibernat  Hex/Ice        50%          2%          2
c - Confusing Touch       Hex            42%          1%          3
d - Tukima's Dance        Hex            42%          1%          3
e - Dazzling Flash        Conj/Hex       50%          4%          3
f - Blink                 Tloc           N/A          12%         2

Your spell library contained the following spells:

 Spells                   Type           Power        Failure   Level
 Slow                     Hex            42%          1%          2
 Inner Flame              Hex/Fire       25%          4%          3
 Portal Projectile        Hex/Tloc       50%          4%          3
 Foxfire                  Conj/Fire      32%          8%          1
 Magic Dart               Conj           32%          8%          1
 Call Imp                 Summ           8%           12%         2
 Conjure Flame            Conj/Fire      8%           24%         3
 Gell's Gravitas          Tloc           4%           24%         3
 Mephitic Cloud           Conj/Pois/Air  8%           24%         3
 Sticky Flame             Conj/Fire      8%           61%         4
 Fireball                 Conj/Fire      4%           91%         5
 Dispersal                Tloc           4%           100%        6
 Disjunction              Tloc           4%           100%        8


Dungeon Overview and Level Annotations

Branches:
Dungeon (9/15)             Temple (1/1) D:4
   Lair: D:8-11         Orc: D:9-12

Altars:
Ashenzari
Cheibriados
Dithmenos
Elyvilon
Fedhas
Gozag
Kikubaaqudgha
Makhleb
Nemelex Xobeh
Okawaru
Ru
Sif Muna
Trog
Uskayaw
Vehumet
Wu Jian
Yredelemnul
Zin
The Shining One

Shops:
D:4 ?:!   D:6 (*

Annotations:
D:9 Joseph


Innate Abilities, Weirdness & Mutations

You are very small and have problems with some larger weapons.
You are too small for most types of armour.
You have supernaturally acute eyesight. (SInv)
You cover ground extremely quickly.


Message History

You hear a bark!
Unknown command.
Unknown command.
A jackal comes into view.
You are engulfed in a cloud of scalding steam.
The jackal barks!
The steam dragon hisses angrily.
You hit the steam dragon.
The steam dragon is heavily wounded.
You are engulfed in a cloud of scalding steam.
The steam dragon bites you but does no damage.
The steam dragon claws you.
Unknown command.
Unknown command.
As you read the scroll of teleportation, it crumbles to dust.
You feel strangely unstable. The steam dragon breathes steam at you.
The ball of steam hits you!!
Ouch! That really hurt!
You die...

#.. #. ..... #..
#..###.##... ....
....#......###....
..........$..... .
.h..##.........
..###@.#....#
.(....hh...##
##..§.5#..#
.....(D§@..#
..####.#...######
#.§.(.#......#
#...##†##...._.#
#..[.####(###.....#
#...# #)# #.....#
#.... #)# #.....#
..#. #)# ......# .
. #(..#.....#


You could see Joseph, a steam dragon (very poisoned, slow, catching breath), a
shadow imp and 3 jackals.

Vanquished Creatures
  Grinder (D:4)
  Menkaure (D:6)
  An ice beast (D:6)
  2 sky beasts (D:7)
  A black bear (D:7)
  An orc warrior (D:7)
  A phantom (D:6)
  5 ogres
  A centaur (D:5)
  2 big kobolds
  3 bullfrogs
  4 scorpions
  A jelly (D:9)
  A bullfrog skeleton (D:4)
  3 hounds
  6 orc priests
  2 iguanas
  Natasha (thrice) (D:2 D:1)
  7 orc wizards
  5 worker ants
  A killer bee zombie (D:7)
  A hound zombie (D:7)
  A howler monkey zombie (D:6)
  4 gnolls (D:7)
  9 adders
  3 shadow imps
  3 white imps
  2 oozes
  An ufetubus (D:7)
  An adder skeleton (D:6)
  A worm (D:3)
  A dart slug (D:4)
  4 leopard geckos
  25 orcs
  3 bats
  4 giant cockroaches
  5 goblins
  3 hobgoblins
  7 jackals
  20 kobolds
  5 quokkas
  3 frilled lizards
  A giant cockroach zombie (D:6)
  A jackal zombie (D:5)
  A quokka zombie (D:5)
  8 rats
169 creatures vanquished.

Notes
Turn   | Place    | Note
-------+----------+-------------------------------------------
     0 | D:1      | Groucho the Spriggan Enchanter began the quest for the Orb.
     0 | D:1      | Reached XP level 1. HP: 9/9 MP: 5/5
   988 | D:1      | Reached skill level 5 in Stealth
   988 | D:1      | Reached XP level 2. HP: 13/13 MP: 6/6
  1820 | D:1      | Learned a level 2 spell: Ensorcelled Hibernation
  2499 | D:2      | Noticed Natasha
  2508 | D:2      | Noticed a crimson imp
  2510 | D:2      | Killed Natasha
  2511 | D:2      | Reached XP level 3. HP: 4/16 MP: 8/8
  3060 | D:2      | Found a white marble altar of Elyvilon.
  3061 | D:2      | Found a broken altar of Ashenzari.
  3062 | D:2      | Found a radiant altar of Vehumet.
  3075 | D:2      | Reached skill level 6 in Stealth
  3077 | D:2      | Reached XP level 4. HP: 20/21 MP: 4/10
  3430 | D:2      | Noticed Natasha
  3435 | D:2      | Killed Natasha
  3619 | D:2      | Noticed Natasha
  3667 | D:1      | Killed Natasha
  3668 | D:1      | Reached skill level 7 in Stealth
  3668 | D:1      | Reached XP level 5. HP: 17/24 MP: 8/11
  4229 | D:2      | Learned a level 3 spell: Confusing Touch
  4233 | D:2      | Learned a level 3 spell: Tukima's Dance
  4237 | D:2      | Learned a level 3 spell: Dazzling Flash
  5788 | D:3      | Found a glowing silver altar of Zin.
  5865 | D:4      | Found Ipluesk's Magic Scroll Boutique.
  5876 | D:4      | Bought a scroll of teleportation for 33 gold pieces
  5876 | D:4      | Bought a scroll of fog for 22 gold pieces
  5876 | D:4      | Bought a scroll of fear for 38 gold pieces
  5876 | D:4      | Bought a scroll of identify for 22 gold pieces
  5922 | D:4      | Reached skill level 1 in Throwing
  5922 | D:4      | Reached skill level 5 in Hexes
  5922 | D:4      | Reached XP level 6. HP: 23/28 MP: 8/13
  6351 | D:4      | Found Ifozuxycw's Book Shoppe.
  6367 | D:4      | Noticed Grinder
  6624 | D:4      | Found a staircase to the Ecumenical Temple.
  6636 | Temple   | Entered the Ecumenical Temple
  7099 | Temple   | Became a worshipper of Sif Muna the Loreminder
  7180 | D:4      | Found Loomnoil's Distillery.
  7185 | D:4      | Bought a potion of degeneration for 10 gold pieces
  7395 | D:4      | Reached XP level 7. HP: 32/32 MP: 3/15
  8021 | D:4      | Reached skill level 8 in Stealth
  8355 | D:4      | Reached skill level 5 in Spellcasting
  8429 | D:4      | Killed Grinder
  8430 | D:4      | Reached skill level 5 in Dodging
  9078 | D:5      | Entered Level 5 of the Dungeon
  9104 | D:5      | Reached XP level 8. HP: 30/36 MP: 9/17
  9934 | D:5      | Found an iron altar of Okawaru.
 10075 | D:5      | Reached skill level 9 in Stealth
 10824 | D:5      | Reached * piety under Sif Muna
 11602 | D:6      | Found Wisk's Weapon Boutique.
 11616 | D:6      | Noticed Menkaure
 11623 | D:6      | Killed Menkaure
 11687 | D:6      | Found a blossoming altar of Fedhas.
 12812 | D:6      | Reached XP level 9. HP: 39/39 MP: 17/19
 12851 | D:6      | Found an ornate altar of the Wu Jian Council.
 13123 | D:6      | Found Fiull's General Store.
 13153 | D:6      | Bought a potion of flight for 30 gold pieces
 13614 | D:7      | Reached ** piety under Sif Muna
 13625 | D:7      | Reached skill level 10 in Stealth
 13650 | D:7      | Reached skill level 5 in Short Blades
 15052 | D:7      | Found a burning altar of Makhleb.
 15066 | D:7      | Learned a level 2 spell: Blink
 15573 | D:9      | Found a snail-covered altar of Cheibriados.
 15574 | D:9      | Noticed Joseph
 15671 | D:9      | Killed from afar by a steam dragon

Illustrated notes

Levels and vault maps discovered:
D:1:      tarquinn_simple_flora_water_a, layout_basic, minmay_pentomino_v2
D:2:      layout_loops_ring, grunt_temple_overflow_open, uniq_natasha
D:3:      layout_basic, zin_academy
D:4:      layout_basic, minmay_temple_entry_junction, serial_shops,
          nicolae_shop_temple_entry_statues_fountains, shop_statue,
          kennysheep_little_box, uniq_grinder
D:5:      layout_basic, okawaru_gym_becter, minmay_misc_feat_secret_circle
D:6:      layout_loops_corners, overflow_temple_1_default,
          nicolae_overflow_crystal_walls, serial_shops, nicolae_shop_waterfront,
          shop, uniq_menkaure
D:7:      layout_loops_ring, lemuel_coloured_pillars_altar,
          minmay_fractal_squares_5
D:8:      layout_cave_pools, serial_shops, nicolae_shop_statue_plus
D:9:      layout_rooms, regret_index_temple_of_mockery,
          nicolae_qazlal_general_emergency, overflow_temple_1_default,
          david_lair_shrubbed, fungi_pond_lemuel, trog_hazing_becter,
          uniq_joseph
Temple:   dpeg_chambers_temple

Skill      XL: |  1  2  3  4  5  6  7  8  9 |
---------------+----------------------------+-----
Stealth        | 5 6 7 8 9 10 | 10.4
Spellcasting   | 3 4 5 6 7 |  7.3
Hexes          | 4 5 6 7 |  7.8
Throwing       | 1 2 4 |  4.8
Short Blades   | 2 3 4 5 |  5.4
Dodging        | 4 5 6 7 |  7.7

Action                   |  1- 3 |  4- 6 |  7- 9 || total
-------------------------+-------+-------+-------++-------
Melee: Dagger            |    78 |   109 |   314 ||   501
Throw: Stone             |     7 |    11 |     6 ||    24
       Dart              |     5 |    69 |    50 ||   124
 Cast: Corona            |     4 |       |     8 ||    12
       Ensorcelled Hiber |     5 |    46 |    82 ||   133
       Tukima's Dance    |       |     1 |       ||     1
       Confusing Touch   |       |       |    20 ||    20
       Dazzling Flash    |       |       |     1 ||     1
Evoke: Wand              |       |       |     1 ||     1
  Use: Potion            |     2 |     1 |     1 ||     4
       Scroll            |       |     1 |     5 ||     6
 Stab: Sleeping          |     8 |    29 |    49 ||    86
       Confused          |       |       |    17 ||    17
       Distracted        |       |       |     1 ||     1
       Invisible         |       |       |     1 ||     1
Armor: Robe              |     8 |     4 |     7 ||    19
Dodge: Dodged            |    47 |    81 |   204 ||   332
